 Dungeon Crawl Stone Soup version 0.21.1-1-g345015f (webtiles) character file.

1131 diana the Nimble (level 8, -1/44 HPs)
             Began as a Tengu Gladiator on June 9, 2018.
             Was an Initiate of Gozag.
             Slain by Blork the orc
             ... wielding a +0 trident
              (7 damage)
             ... on level 6 of the Dungeon.
             The game lasted 00:10:12 (5460 turns).

diana the Nimble (Tengu Gladiator)                  Turns: 5460, Time: 00:10:13

Health: -1/44      AC:  3    Str: 18    XL:     8   Next: 36%
Magic:  9/9        EV: 18    Int: 11    God:    Gozag
Gold:   291        SH:  0    Dex: 18    Spells: 7/7 levels left

rFire    . . .     SeeInvis .   a - +0 long sword
rCold    . . .     Gourm    .   (no shield)
rNeg     . . .     Faith    .   b - +0 leather armour
rPois    .         Spirit   .   c - +0 hat
rElec    .         Reflect  .   (no cloak)
rCorr    .         Harm     .   (no gloves)
MR       .....                  (boots unavailable)
Stlth    +.........             (no amulet)
HPRegen  0.14/turn              g - +2 ring of intelligence
MPRegen  0.11/turn              p - +4 ring of strength

@: no status effects
A: beak, talons 3, able to fly 1
a: Fly, Potion Petition, Call Merchant, Bribe Branch, Renounce Religion


You were on level 6 of the Dungeon.
You worshipped Gozag.
Gozag was aware of your devotion.
You were not hungry.

You visited 2 branches of the dungeon, and saw 7 of its levels.

You collected 373 gold pieces.
You paid 82 gold pieces to Gozag.

Inventory:

Hand Weapons
 a - a +0 long sword (weapon)
Missiles
 d - 3 throwing nets (quivered)
Armour
 b - a +0 leather armour (worn)
 c - a +0 hat (worn)
Jewellery
 g - a +2 ring of intelligence (left hand)
 l - an uncursed ring of poison resistance {unknown}
 p - a +4 ring of strength (right hand)
Wands
 s - a wand of random effects (27)
 y - a wand of paralysis (17)
Scrolls
 h - a scroll of amnesia {unknown}
 i - 5 scrolls of enchant weapon {unknown}
 j - 2 scrolls of magic mapping {unknown}
 k - 2 scrolls of remove curse {unknown}
 n - a scroll of fear {unknown}
 o - 2 scrolls of identify {unknown}
 u - a scroll of immolation {unknown}
 v - a scroll of teleportation {unknown}
 x - a scroll of random uselessness {unknown}
Potions
 m - 2 potions of heal wounds {unknown}
 q - 3 potions of degeneration {unknown}
 r - a potion of curing {unknown}
 t - 2 potions of mutation {unknown}
 w - a potion of might {unknown}
Comestibles
 f - 14 rations


   Skills:
 - Level 2.0 Fighting
 + Level 8.1 Long Blades
 - Level 2.0 Throwing
 + Level 8.1 Dodging


You had 7 spell levels left.
You didn't know any spells.

Dungeon Overview and Level Annotations

Branches:
Dungeon (6/15)             Temple (1/1) D:5

Altars:
Ashenzari
Cheibriados
Elyvilon
Fedhas
Gozag
Hepliaklqana
Makhleb
Qazlal
Ru
Uskayaw
Vehumet
Wu Jian
Xom
Yredelemnul
Zin

Shops:
D:4 %*[[

Annotations:
D:3 inc's ghost, amateur DsMo
D:4 exclusion: statue
D:6 Blork the orc


Innate Abilities, Weirdness & Mutations

You have a beak for a mouth.
You have claws for feet.
You can fly.


Message History

Blork the orc is moderately wounded.
Blork the orc hits you with a trident!
You are too injured to fight recklessly!
You slash Blork the orc! You claw Blork the orc. You peck Blork the orc.
Blork the orc is severely wounded.
Blork the orc closely misses you.
You hit Blork the orc but do no damage. Your kick misses Blork the orc.
You peck Blork the orc, but do no damage.
Blork the orc is severely wounded.
Blork the orc misses you. Blork the orc hits you with a trident.
You hit Blork the orc. You claw Blork the orc! Your peck misses Blork the orc.
Blork the orc is almost dead.
Blork the orc gestures wildly while chanting.
Blork the orc flickers and vanishes!
Deactivating autopickup; reactivate with Ctrl-A.
It was a potion of magic.
Magic courses through your body. Something hits you!
* * * LOW HITPOINT WARNING * * *
Something hits you!
You die...
Your body crumbles into a pile of gold.

### ###..#
########...# ####
#......^.{?#
...######.####..@###
...##...........##
...#..###.#####.#
...#.####.# #.#
#.#.# ..........#
#.# #..#.#
.....##...# #.#
..#.. .(.####..##
#.# #.... .####....#
#.# ###...#
.##....)## #.#
##....#


There were no monsters in sight!

Vanquished Creatures
  An ice beast (D:5)
  An orc warrior (D:6)
  2 centaurs
  A bullfrog (D:6)
  A scorpion (D:4)
  A crimson imp (D:5)
  3 orc priests
  4 orc wizards
  A centaur skeleton (D:5)
  2 bullfrog skeletons
  3 worker ants
  4 gnolls
  13 adders
  An ooze (D:1)
  3 worms
  3 dart slugs
  9 leopard geckos
  16 orcs
  5 giant cockroaches
  2 gnoll zombies (D:4)
  6 goblins
  6 hobgoblins
  6 jackals
  7 kobolds
  3 quokkas
  2 ball pythons
  4 bats
  10 frilled lizards
  2 leopard gecko skeletons (D:4)
  A rat (D:1)
123 creatures vanquished.

Notes
Turn   | Place    | Note
-------+----------+-------------------------------------------
     0 | D:1      | diana the Tengu Gladiator began the quest for the Orb.
     0 | D:1      | Reached XP level 1. HP: 12/12 MP: 2/2
    38 | D:1      | Reached XP level 2. HP: 6/17 MP: 3/3
   691 | D:1      | Reached XP level 3. HP: 17/21 MP: 4/4
  1182 | D:2      | Reached XP level 4. HP: 24/26 MP: 5/5
  1222 | D:2      | Found a sacrificial altar of Ru.
  1255 | D:2      | Found a blossoming altar of Fedhas.
  1623 | D:2      | Found a faded altar of an unknown god.
  1744 | D:2      | Found a shimmering altar of Xom.
  1904 | D:3      | Gained mutation: You can fly. [Tengu growth]
  1904 | D:3      | Reached XP level 5. HP: 24/30 MP: 6/6
  1964 | D:3      | Reached skill level 5 in Dodging
  1965 | D:3      | Reached skill level 5 in Long Blades
  2101 | D:3      | Found a hide-covered altar of Uskayaw.
  2326 | D:3      | Noticed inc's ghost (amateur DsMo)
  2549 | D:4      | Found Taorod's General Store.
  2573 | D:4      | Found Luyffuiq's Antique Armour Emporium.
  2673 | D:4      | Found Gaquen's Armour Emporium.
  2735 | D:4      | Found a shattered altar of Ashenzari.
  2879 | D:4      | Reached XP level 6. HP: 31/35 MP: 7/7
  2926 | D:4      | Found a radiant altar of Vehumet.
  3192 | D:4      | Found a basalt altar of Yredelemnul.
  3241 | D:4      | Found an ornate altar of the Wu Jian Council.
  3269 | D:4      | Found Zuomyclo's Food Shoppe.
  3519 | D:5      | Entered Level 5 of the Dungeon
  3756 | D:5      | Reached XP level 7. HP: 27/40 MP: 8/8
  4140 | D:5      | Found a burning altar of Makhleb.
  4868 | D:5      | Found a staircase to the Ecumenical Temple.
  4874 | Temple   | Entered the Ecumenical Temple
  4906 | Temple   | Became a worshipper of Gozag Ym Sagoz the Greedy
  5161 | D:5      | Reached XP level 8. HP: 31/44 MP: 9/9
  5449 | D:6      | Noticed Blork the orc
  5460 | D:6      | Slain by Blork the orc

Skill      XL: |  1  2  3  4  5  6  7  8 |
---------------+-------------------------+-----
Long Blades    | 4 5 6 7 8 |  8.1
Dodging        | 4 5 6 7 8 |  8.1
Fighting       | |  2.0
Throwing       | |  2.0

Action                   |  1- 3 |  4- 6 |  7- 9 || total
-------------------------+-------+-------+-------++-------
Melee: Long sword        |    58 |   124 |    67 ||   249
       Kick              |    17 |    55 |    43 ||   115
       Peck              |    13 |    22 |    21 ||    56
Throw: Throwing net      |       |       |     1 ||     1
Invok: Potion Petition   |       |       |     1 ||     1
 Abil: Fly               |       |     1 |       ||     1
  Use: Potion            |       |       |     2 ||     2
 Stab: Sleeping          |     1 |       |       ||     1
       Distracted        |       |       |     1 ||     1
       Invisible         |       |       |     2 ||     2
  Eat: Chunk             |       |     7 |     2 ||     9
       Ration            |       |     1 |     1 ||     2
Armor: Leather armour    |     8 |    20 |     7 ||    35
Dodge: Dodged            |    44 |   102 |    79 ||   225
       Rpst.: Long sword |    18 |    31 |    26 ||    75
